 Dungeon Crawl Stone Soup version 0.23-a0-208-gb6b040f (webtiles) character file.

10054 mandick the Frost Mage (level 11, -12/64 HPs)
             Began as a Deep Elf Ice Elementalist on Sept 25, 2018.
             Was an Elder of Vehumet.
             Shot with an arrow by a centaur warrior (28 damage)
             ... on level 13 of the Dungeon.
             The game lasted 01:41:02 (14557 turns).

mandick the Frost Mage (Deep Elf Ice Elementalist) Turns: 14557, Time: 01:41:02

Health: -12/64     AC: 19    Str:  8    XL:     11   Next: 31%
Magic:  2/25       EV: 13    Int: 24    God:    Vehumet [****..]
Gold:   704        SH:  8    Dex: 23    Spells: 15/27 levels left

rFire    . . .     SeeInvis .   m - +3 whip (elec)
rCold    . . .     Gourm    .   P - +0 buckler
rNeg     . . .     Faith    .   G - +1 leather armour of Lesser Demons {-Tele Regen+ Dex+3 Stlth+}
rPois    .         Spirit   .   Q - +0 helmet
rElec    .         Reflect  +   O - +0 cloak
rCorr    .         Harm     .   I - +1 pair of gloves
MR       +....     NoTele   +   (no boots)
Stlth    ++++......             k - +2 amulet of reflection
HPRegen  0.60/turn              R - +4 ring of protection
MPRegen  0.19/turn              f - ring of Relativism {Str+3 Dex+5}

@: icy armour
A: no striking features
a: Renounce Religion


You were on level 13 of the Dungeon.
You worshipped Vehumet.
Vehumet was greatly pleased with you.
You were not hungry.

You visited 2 branches of the dungeon, and saw 14 of its levels.

You collected 704 gold pieces.

Inventory:

Hand Weapons
 d - a +0 dagger
 m - a +3 whip of electrocution (weapon)
Missiles
 B - 4 throwing nets (quivered)
Armour
 a - the +1 scale mail of Conscience {rF+ Str+5}
   (You found it on level 11 of the Dungeon)

   It affects your strength (+5).
   It protects you from fire.
 v - a +2 leather armour of poison resistance
 w - a +2 robe of fire resistance
 G - the +1 leather armour of Lesser Demons (worn) {-Tele Regen+ Dex+3 Stlth+}
   (You found it on level 5 of the Dungeon)

   It affects your dexterity (+3).
   It prevents most forms of teleportation.
   It increases your rate of regeneration.
   It makes you more stealthy.
 I - a +1 pair of gloves (worn)
 O - a +0 cloak (worn)
 P - a +0 buckler (worn)
 Q - a +0 helmet (worn)
 T - a +1 robe of magic resistance
Jewellery
 f - the ring of Relativism (right hand) {Str+3 Dex+5}
   (You found it on level 6 of the Dungeon)

   [ring of dexterity]

   It affects your strength (+3).
   It affects your dexterity (+5).
 h - an uncursed ring of ice
 k - a +2 amulet of reflection (around neck)
 n - an uncursed ring of flight
 s - an uncursed ring of ice
 u - an uncursed ring of resist corrosion
 R - a +4 ring of protection (left hand)
Wands
 b - a wand of disintegration (23)
 D - a wand of iceblast (6)
 F - a wand of flame (23)
 N - a wand of polymorph (19)
Scrolls
 i - 4 scrolls of amnesia
 j - 2 scrolls of enchant weapon
 o - 2 scrolls of fog
 q - 13 scrolls of remove curse
 x - 2 scrolls of blinking
 y - 2 scrolls of identify
 C - a scroll of magic mapping
 L - a scroll of immolation
 M - 7 scrolls of teleportation
Potions
 e - a potion of curing
 g - 3 potions of resistance
 l - 3 potions of haste
 p - 3 potions of might {unknown}
 r - 5 potions of cancellation
 t - 6 potions of heal wounds {unknown}
 z - a potion of mutation {unknown}
 A - a potion of invisibility {unknown}
 E - 2 potions of magic {unknown}
 H - 3 potions of agility {unknown}
 J - 2 potions of degeneration {unknown}
 K - a potion of flight {unknown}
 U - a potion of lignification {unknown}
Comestibles
 c - 19 rations


   Skills:
 - Level 5.6 Fighting
 - Level 2.4 Dodging
 - Level 4.3 Stealth
 - Level 4.0 Shields
 + Level 8.6 Spellcasting
 + Level 9.9 Conjurations
 - Level 6.3 Summonings
 + Level 10.5 Ice Magic


You had 15 spell levels left.
You knew the following spells:

 Your Spells              Type           Power        Failure   Level  Hunger
a - Freeze                Ice            ####         1%          1    None
c - Ozocubu's Armour      Chrm/Ice       #####...     3%          3    None
d - Summon Ice Beast      Ice/Summ       ######..     2%          4    ##.....
e - Throw Icicle          Conj/Ice       ######..     1%          4    ##.....

Your spell library contained the following spells:

 Spells                   Type           Power        Failure   Level  Hunger
 Lee's Rapid Deconstruct  Erth           ##........   50%         5    ####...
 Summon Butterflies       Summ           #####...     1%          1    None
 Throw Frost              Conj/Ice       ######       1%          2    None
 Call Canine Familiar     Summ           #####...     1%          3    None
 Summon Mana Viper        Hex/Summ       ####....     54%         5    ####...
 Summon Hydra             Summ           #####.....   99%         7    #######


Dungeon Overview and Level Annotations

Branches:
Dungeon (13/15)            Temple (1/1) D:6            Lair (0/6) D:8
    Orc (0/2) D:12
 Vaults: D:13-14

Altars:
Ashenzari
Cheibriados
Dithmenos
Elyvilon
Fedhas
Gozag
Hepliaklqana
Makhleb
Nemelex Xobeh
Qazlal
Ru
Trog
Vehumet
Wu Jian
Xom
Zin
The Shining One

Shops:
D:6 =


Message History

Confirm with . or Enter, or press ? or * to list all spells.
A chill wind blows around you.
The centaur warrior shoots an arrow.
The arrow hits you!
* * * LOW HITPOINT WARNING * * *
Casting: Summon Ice Beast (safe; 2% risk of failure)
Confirm with . or Enter, or press ? or * to list all spells.
A film of ice covers your body!
The centaur warrior shoots an arrow.
The arrow hits you!
* * * LOW HITPOINT WARNING * * *
Your ice beast hits the centaur warrior but does no damage.
Okay, then.
You feel better.
The centaur warrior shoots an arrow.
You reflect the arrow off an invisible shield around you!
The arrow hits the centaur warrior!
Your ice beast barely misses the centaur warrior.
Casting: Ozocubu's Armour (safe; 3% risk of failure)
Confirm with . or Enter, or press ? or * to list all spells.
Okay, then.
You feel better.
The centaur warrior shoots an arrow.
The arrow hits you!!
You die...

##.## ##..#.## ###..#
##....## #...c#
##c(..### #...###(##
#......# ...
##.######(....## ..
##......(....##
....###..#.....###รท#
#......##c...####(##
##...@.Y..####...#
#..#.......#((#.#
#..##......(####.#
#..# #.......# #.#
#.# #.......# ..#
#..).##.# ...
#.<.###.# #.. #...#
#.# .. ...#### #.#


You could see a centaur warrior and a friendly ice beast.

Vanquished Creatures
  Harold (D:8)
  2 centaur skeletons (D:12)
  A slime creature (D:12)
  4 yaks
  A shadow (D:13)
  A spriggan (D:8)
  A hungry ghost (D:8)
  A water moccasin (D:9)
  3 orc warriors
  3 sky beasts
  4 ice beasts
  A black bear (D:9)
  3 ogres
  2 phantoms
  2 centaurs
  2 crocodiles (D:10)
  2 bullfrogs
  A wyvern zombie (D:13)
  A wyvern skeleton (D:7)
  5 scorpions
  A howler monkey (D:8)
  2 crimson imps
  4 quasits
  A centaur zombie (D:10)
  A bullfrog skeleton (D:4)
  2 orc priests
  3 jellies
  5 hounds
  3 iguanas
  8 orc wizards
  Ijyb (D:5)
  6 worker ants
  2 killer bee zombies
  3 hound skeletons
  7 adders
  4 shadow imps
  2 oozes
  3 worms (D:2)
  12 leopard geckos
  23 orcs
  A ball python (D:1)
  4 bats
  6 giant cockroaches
  6 goblins
  5 hobgoblins
  7 jackals
  10 kobolds
  6 quokkas
  5 frilled lizards
  A jackal skeleton (D:4)
  A leopard gecko zombie (D:5)
  2 quokka skeletons (D:9)
  4 rats
  2 bushes (D:2)
194 creatures vanquished.

Vanquished Creatures (collateral kills)
  A hydra (D:13)
  A centaur warrior (D:13)
  A two-headed ogre (D:9)
  Maurice (D:12)
  Psyche (D:8)
  2 gargoyles
  2 trolls
  2 hornets
  2 slime creatures (D:12)
  A wyvern (D:12)
  3 yaks (D:10)
  The ghost of DrakeDragon the Grave Robber, an amateur HuNe (D:6)
  An acid dragon (D:13)
  Edmund (D:6)
  2 water moccasins
  An ice beast (D:11)
  2 orc warriors
  A phantom (D:11)
  3 ogres
  A big kobold (D:12)
  A scorpion (D:8)
  5 killer bees (D:12)
  A crimson imp (D:13)
  A bullfrog zombie (D:7)
  2 quasits
  A bullfrog skeleton (D:9)
  A jelly (D:5)
  4 orc priests
  2 iguanas
  8 orc wizards
  An adder (D:5)
  22 orcs
  A giant cockroach (D:7)
  3 kobolds (D:12)
  A quokka (D:7)
84 creatures vanquished.

Vanquished Creatures (others)
  A centaur (D:8)
  An orc wizard (D:9)
  A plant (D:2)
3 creatures vanquished.

Grand Total: 281 creatures vanquished

Notes
Turn   | Place    | Note
-------+----------+-------------------------------------------
     0 | D:1      | mandick the Deep Elf Ice Elementalist began the quest for
                  | the Orb.
     0 | D:1      | Reached XP level 1. HP: 10/10 MP: 6/6
   208 | D:1      | Reached XP level 2. HP: 15/15 MP: 3/8
   430 | D:1      | Learned a level 2 spell: Throw Frost
  1007 | D:2      | Reached XP level 3. HP: 19/19 MP: 8/10
  1035 | D:2      | Reached skill level 4 in Ice Magic
  2299 | D:2      | Reached XP level 4. HP: 18/24 MP: 12/12
  3167 | D:4      | Reached XP level 5. HP: 19/28 MP: 8/14
  3283 | D:4      | Noticed a phantom
  3529 | D:4      | Reached skill level 5 in Spellcasting
  3595 | D:4      | Learned a level 3 spell: Ozocubu's Armour
  3759 | D:4      | Reached XP level 6. HP: 13/32 MP: 15/15
  4225 | D:4      | Found a snail-covered altar of Cheibriados.
  4281 | D:4      | Reached skill level 5 in Ice Magic
  4488 | D:4      | Learned a level 4 spell: Summon Ice Beast
  4489 | D:5      | Entered Level 5 of the Dungeon
  4496 | D:5      | Reached skill level 1 in Summonings
  4851 | D:5      | Noticed Ijyb
  4851 | D:5      | Noticed a water moccasin
  4869 | D:5      | Killed a water moccasin
  4873 | D:5      | Killed Ijyb
  5305 | D:5      | Got a steaming leather armour
  5320 | D:5      | Identified the +1 leather armour of Lesser Demons {-Tele
                  | Regen+ Dex+3 Stlth+} (You found it on level 5 of the
                  | Dungeon)
  5329 | D:5      | Noticed an ice beast
  5408 | D:5      | Killed an ice beast
  5408 | D:5      | Reached XP level 7. HP: 36/36 MP: 14/17
  5738 | D:6      | Noticed Edmund
  5748 | D:6      | Killed Edmund
  5748 | D:6      | Reached skill level 5 in Summonings
  5777 | D:6      | Found a transporter.
  5778 | D:6      | Noticed DrakeDragon's ghost (amateur HuNe)
  5877 | D:6      | Found a staircase to the Ecumenical Temple.
  5911 | Temple   | Entered the Ecumenical Temple
  5950 | Temple   | Became a worshipper of Vehumet
  5986 | D:6      | Found a transporter.
  6297 | D:6      | Found Ludwixar's Jewellery Boutique.
  6490 | D:6      | Got the ring of Relativism {Dex+5}
  6512 | D:6      | Reached skill level 1 in Fighting
  6517 | D:6      | Killed DrakeDragon's ghost
  6517 | D:6      | Reached XP level 8. HP: 12/43 MP: 2/18
  6610 | D:6      | Identified the ring of Relativism {Str+3 Dex+5} (You found
                  | it on level 6 of the Dungeon)
  7167 | D:7      | Reached skill level 1 in Shields
  7167 | D:7      | Reached skill level 6 in Ice Magic
  7418 | D:8      | Reached * piety under Vehumet
  7418 | D:8      | Offered knowledge of Flame Tongue by Vehumet.
  7422 | D:8      | Noticed Psyche
  7429 | D:8      | Killed Psyche
  7429 | D:8      | Reached skill level 5 in Conjurations
  7792 | D:8      | Reached XP level 9. HP: 39/51 MP: 19/19
  7804 | D:8      | Reached skill level 7 in Ice Magic
  7840 | D:8      | Learned a level 4 spell: Throw Icicle
  7998 | D:8      | Noticed Harold
  8005 | D:8      | Killed Harold
  8388 | D:8      | Paralysed by a hornet for 2 turns
  8391 | D:8      | Reached skill level 8 in Ice Magic
  8766 | D:8      | Found a staircase to the Lair.
  9141 | D:9      | Found a white marble altar of Elyvilon.
  9169 | D:9      | Reached XP level 10. HP: 55/58 MP: 11/20
  9172 | D:9      | Offered knowledge of Throw Flame by Vehumet.
  9174 | D:9      | Noticed a two-headed ogre
  9361 | D:9      | Killed a two-headed ogre
  9361 | D:9      | Reached skill level 5 in Fighting
  9480 | D:9      | Reached ** piety under Vehumet
 10088 | D:10     | Entered Level 10 of the Dungeon
 10476 | D:10     | Offered knowledge of Stone Arrow by Vehumet.
 10707 | D:10     | Reached skill level 9 in Ice Magic
 11271 | D:10     | Reached *** piety under Vehumet
 11462 | D:11     | Got a brightly glowing scale mail
 11490 | D:11     | Identified the +1 scale mail of Conscience {rF+ Str+5} (You
                  | found it on level 11 of the Dungeon)
 11672 | D:11     | Noticed a gargoyle
 11682 | D:11     | Killed a gargoyle
 12308 | D:12     | Found a staircase to the Orcish Mines.
 12369 | D:11     | Offered knowledge of Static Discharge by Vehumet.
 12370 | D:11     | Upgraded the game from 0.23-a0-207-g93a313e to
                  | 0.23-a0-208-gb6b040f
 12947 | D:12     | Noticed Maurice
 12965 | D:12     | Killed Maurice
 13411 | D:12     | Found a shimmering altar of Xom.
 13458 | D:12     | Reached **** piety under Vehumet
 13458 | D:12     | Reached skill level 10 in Ice Magic
 13567 | D:12     | Reached XP level 11. HP: 55/64 MP: 14/24
 13601 | D:12     | Offered knowledge of Lee's Rapid Deconstruction by Vehumet.
 14237 | D:13     | Noticed a centaur warrior
 14263 | D:13     | Killed a centaur warrior
 14461 | D:13     | Noticed a five-headed hydra
 14476 | D:13     | Killed a five-headed hydra
 14529 | D:13     | Noticed a centaur warrior
 14557 | D:13     | Shot with an arrow by a centaur warrior

Vault maps used:
D:1:      minmay_arrival_cross, minmay_misc_feat_tiny, minmay_split_cup_small
D:2:      lexackson_kobold_supper
D:3:      minmay_misc_feat_plants
D:4:      cheibriados_altar_1, first_ration, minmay_misc_feat_doors
D:5:      uniq_ijyb
D:6:      temple_statues, gammafunk_ghost_stat_death, serial_shops,
          nicolae_shop_stone, uniq_edmund
D:7:      roderic_nine_men_s_morris
D:8:      lair_entry_dummy, the_bakery, uniq_harold, uniq_psyche
D:9:      elyvilon_altar_5
D:10:     corexii_leaking_fountain, st_stairs_13
D:11:     serial_column_ruins, column_ruins_grid_2, column_ruins_open_tiny,
          column_ruins_grid_1, column_ruins_grid_1,
          column_ruins_columns_dead_end
D:12:     orc_0_dummy, xom_teletrap_fun, uniq_maurice
D:13:     gammafunk_sealed_library, grunt_vaults_entry_tiered,
          grunt_dithmenos_smoke_and_mirrors
Temple:   compressed_dpeg_triangle_lava_temple

Skill      XL: |  1  2  3  4  5  6  7  8  9 10 11 |
---------------+----------------------------------+-----
Ice Magic      | 4 5 6 8 10 | 10.5
Spellcasting   | 4 5 7 8 |  8.6
Stealth        | 3 4 |  4.3
Conjurations   | 2 3 5 7 9 |  9.9
Summonings     | 4 6 |  6.3
Fighting       | 1 3 4 5 |  5.6
Shields        | 2 4 |  4.0
Dodging        | |  2.4

Action                   |  1- 3 |  4- 6 |  7- 9 | 10-12 || total
-------------------------+-------+-------+-------+-------++-------
Melee: Dagger            |    33 |       |       |       ||    33
       Whip              |     7 |   126 |   192 |   238 ||   563
 Cast: Freeze            |    37 |    10 |    13 |     5 ||    65
       Throw Frost       |     8 |    24 |    15 |       ||    47
       Ozocubu's Armour  |       |     1 |    11 |    22 ||    34
       Summon Ice Beast  |       |     2 |    20 |    50 ||    72
       Throw Icicle      |       |       |    11 |    33 ||    44
  Use: Scroll            |       |       |     5 |    13 ||    18
       Potion            |       |       |     2 |     4 ||     6
 Stab: Sleeping          |     6 |     7 |    11 |     4 ||    28
       Distracted        |       |       |       |     3 ||     3
  Eat: Chunk             |     2 |     8 |    15 |    15 ||    40
       Ration            |     1 |       |     1 |     3 ||     5
Armor: Robe              |     8 |     7 |       |       ||    15
       Leather armour    |     1 |    11 |    83 |    81 ||   176
Dodge: Dodged            |    36 |    47 |   101 |   149 ||   333
Block: Other             |     7 |     5 |    10 |       ||    22
       Buckler           |       |       |    49 |   108 ||   157
       Reflection        |       |       |     4 |     6 ||    10

Table legend:
 A = Non-vault XP
 B = Vault XP
 C = Vault XP percentage of total XP
 D = Non-vault monster count
 E = Vault monster count
 F = Vault count percentage of total count
                 A         B        C        D         E       F
            +---------+---------+-------+---------+---------+-------
      Total |   12427 |    1937 |  13.5 |     257 |      21 |   7.6
            +---------+---------+-------+---------+---------+-------
        D:1 |      32 |       6 |  15.8 |      16 |       3 |  15.8
        D:2 |      48 |      17 |  26.2 |      15 |       8 |  34.8
        D:3 |      57 |       0 |   0.0 |      10 |       0 |   0.0
        D:4 |     291 |       0 |   0.0 |      11 |       0 |   0.0
        D:5 |     382 |      28 |   6.8 |      19 |       1 |   5.0
        D:6 |     323 |     268 |  45.3 |       9 |       5 |  35.7
        D:7 |     700 |       0 |   0.0 |      17 |       0 |   0.0
        D:8 |    1673 |    1393 |  45.4 |      24 |       3 |  11.1
        D:9 |    1134 |       0 |   0.0 |      29 |       0 |   0.0
       D:10 |    1778 |       0 |   0.0 |      30 |       0 |   0.0
       D:11 |     847 |       0 |   0.0 |      20 |       0 |   0.0
       D:12 |    2978 |     225 |   7.0 |      43 |       1 |   2.3
       D:13 |    2184 |       0 |   0.0 |      14 |       0 |   0.0
            +---------+---------+-------+---------+---------+-------
